AoeStats
← seangame151

Oasis

510135695Analyzed
2v2 RM · 2d ago on Sep 29, 2026· 47m 23s· 4 players
Game mode
Random Map
Map size
Medium (4 player)
Population
200
Speed
Normal
Resources
Standard
Victory
Conquest
Starting age
Dark Age
Ending age
Imperial Age
RankedLock teamsTeams togetherTeam positionsShared explorationLock speedFull tech treeHidden civsTurbo modeCheats
Victory
Defeat
🇨🇭 Romans · Switzerland
1327
+15
🇺🇸 Maya · United States
1296
+16
🇨🇭 Celts · Switzerland
1347
-18
🇨🇭 Burgundians · Switzerland
1246
-13
Indraccovski
7:45 Loom
11:23 Feudal Age
15:19 Castle Age
14:02 Horse Collar
14:17 Double-Bit Axe
16:20 Bow Saw
17:46 Wheelbarrow
20:19 Two-Man Saw
22:49 Hand Cart
22:57 Heavy Plow
24:59 Gold Mining
31:16 Fortified Wall
34:11 Imperial Age
33:28 Gold Shaft Mining
33:16 Forging
33:12 Scale Barding Armor
33:09 Fletching
35:54 Conscription
35:56 Chain Barding Armor
36:12 Iron Casting
38:03 Plate Barding Armor
39:15 Chemistry
39:29 Blast Furnace
41:46 Elite Coustillier
46:34 Bodkin Arrow
47:00 Ballistics
46:56 Murder Holes
47:11 Masonry
Fux
6:20 Loom
9:53 Feudal Age
10:36 Double-Bit Axe
12:39 Town Watch
13:14 Fletching
13:54 Padded Archer Armor
16:05 Horse Collar
22:57 Castle Age
21:20 Gold Mining
21:59 Forging
23:14 Wheelbarrow
24:01 Scale Barding Armor
23:59 Husbandry
24:21 Bow Saw
24:13 Heavy Plow
25:12 Scale Mail Armor
31:27 Stone Mining
34:27 Imperial Age
31:58 Town Patrol
32:18 Fortified Wall
32:03 Murder Holes
33:14 Iron Casting
33:00 Chain Barding Armor
32:36 Bodkin Arrow
33:20 Gold Shaft Mining
33:23 Stone Shaft Mining
33:45 Hand Cart
33:56 Ballistics
36:42 Chemistry
35:54 Masonry
36:02 Chain Mail Armor
37:52 Conscription
37:57 Cavalier
40:24 Hoardings
39:17 Paladin
41:32 Blast Furnace
41:35 Heavy Scorpion
42:29 Furor Celtica
42:33 Siege Engineers
45:19 Light Cavalry
ink55
3:15 Loom
10:56 Feudal Age
11:14 Man-at-Arms
11:53 Double-Bit Axe
13:06 Scale Mail Armor
14:15 Fletching
14:45 Horse Collar
23:00 Castle Age
20:52 Stone Mining
21:20 Gold Mining
22:09 Forging
22:47 Padded Archer Armor
24:42 Bodkin Arrow
24:21 Pikeman
25:03 Squires
25:26 Bow Saw
25:07 Elite Skirmisher
27:29 Iron Casting
27:57 Wheelbarrow
28:06 Chain Mail Armor
29:38 Heavy Plow
32:03 Gold Shaft Mining
32:47 Ballistas
36:47 Imperial Age
35:36 Hand Cart
35:06 Town Watch
36:27 Ballistics
36:20 Masonry
38:48 Blast Furnace
38:47 Architecture
40:09 Chemistry
39:12 Long Swordsman
39:21 Halberdier
40:53 Conscription
40:21 Heavy Scorpion
41:58 Legionary
47:20 Comitatenses
seangame151
0:26 Loom
9:14 Feudal Age
9:45 Double-Bit Axe
10:37 Horse Collar
15:31 Wheelbarrow
14:52 Gold Mining
15:19 Stone Mining
18:03 Castle Age
17:32 Fletching
18:38 Scale Mail Armor
19:33 Bow Saw
19:44 Bodkin Arrow
25:08 Ballistics
24:43 Pikeman
25:47 Padded Archer Armor
27:59 Thumb Ring
33:05 Imperial Age
31:12 Leather Archer Armor
31:07 Forging
31:45 Stone Shaft Mining
31:16 Squires
31:59 Caravan
34:52 Conscription
34:38 Bracer
35:41 Chemistry
35:52 Masonry
35:08 Eagle Warrior
38:39 Heavy Plow
39:43 Two-Man Saw
40:07 Holcans
39:01 Elite Eagle Warrior
40:19 Iron Casting
39:59 Chain Mail Armor
40:15 Ring Archer Armor
40:55 Halberdier
41:47 Elite Plumed Archer
43:37 Plate Mail Armor
44:07 Blast Furnace
44:18 Arson
Connection lost

Rejoining the realm…

Still unreachable

The connection could not be restored.

Session expired

The server has moved on; the page needs a fresh start.